 Dungeon Crawl Stone Soup version 0.29.1-15-g9cfb28693d (webtiles) character file.

Game seed: 14989980025336707131

67 bnorton916 the Firebug (level 3, -2/19 HPs)
             Began as a Deep Elf Fire Elementalist on Feb 28, 2023.
             Constricted to death by Jessica (3 damage)
             ... on level 2 of the Dungeon.
             The game lasted 00:01:49 (2836 turns).

bnorton916 the Firebug (Deep Elf Fire Elementalist) Turns: 2836, Time: 00:01:50

Health: -2/19      AC:  6    Str:  5    XL:     3   Next: 98%
Magic:  9/10       EV:  9    Int: 21    God:
Gold:   101        SH:  0    Dex: 15    Spells: 7/10 levels left

rFire   . . .      SeeInvis .   (no weapon)
rCold   . . .      Faith    .   (no shield)
rNeg    . . .      Spirit   .   a - +0 robe
rPois   .          Reflect  .   o - +0 helmet
rElec   .          Harm     .   n - +2 cloak
rCorr   .          Rampage  .   (no gloves)
Will    .....                   (no boots)
Stlth   ++........              (no amulet)
HPRegen 0.06/turn               (no ring)
MPRegen 0.12/turn               (no ring)

@: grasped by roots, constricted
A: no striking features
a: no special abilities


You were on level 2 of the Dungeon.
You visited 1 branch of the dungeon, and saw 2 of its levels.

You collected 101 gold pieces.

Inventory:

Armour
 a - a +0 robe (worn)
 n - a +2 cloak (worn)
 o - a +0 helmet (worn)
Jewellery
 m - an amulet of faith
Scrolls
 e - a scroll of torment {unknown}
 g - 2 scrolls of amnesia {unknown}
 h - 2 scrolls of poison {unknown}
 k - 2 scrolls of identify {unknown}
 l - a scroll of noise {unknown}
Potions
 b - a potion of magic
 c - a potion of haste {unknown}
 d - 3 potions of brilliance {unknown}
 f - 3 potions of curing {unknown}
 i - a potion of invisibility {unknown}
 j - a potion of cancellation {unknown}


   Skills:
 - Level 2.4 Dodging
 - Level 2.4 Stealth
 + Level 4.1 Spellcasting
 + Level 2.5 Conjurations
 + Level 4.1 Fire Magic


You had 7 spell levels left.
You knew the following spells:

 Your Spells              Type           Power      Damage    Failure   Level
a - Foxfire               Conj/Fire      72%        2x1d7     3%          1
b - Scorch                Fire           42%        2d7       3%          2

Your spell library contained the following spells:

 Spells                   Type           Power      Damage    Failure   Level
 Conjure Flame            Conj/Fire      18%        6-21      9%          3
 Slow                     Hex            16%        N/A       12%         1
 Sting                    Tmut/Pois      16%        1d3       12%         1
 Inner Flame              Hex/Fire       13%        N/A       16%         3
 Poisonous Vapours        Pois/Air       8%         N/A       19%         2
 Flame Wave               Conj/Fire      18%        2d7       30%         4
 Confusing Touch          Hex            4%         N/A       34%         3
 Frozen Ramparts          Ice            8%         1d2       34%         3
 Vampiric Draining        Necr           4%         2d6       34%         3
 Ice Form                 Ice/Tmut       4%         N/A       75%         4
 Olgreb's Toxic Radiance  Pois           4%         N/A       75%         4
 Summon Ice Beast         Ice/Summ       4%         N/A       75%         4


Dungeon Overview and Level Annotations

Branches:
Dungeon (2/15)

Altars:

Annotations:
D:2 Jessica


Message History

The shining eye turns its gaze towards you.
The eye of devastation turns its gaze towards you.
h - 2 scrolls labelled RISTROO YPRI (gained 1)
There is a faded altar of an unknown god here.
The shining eye turns its gaze towards you.
You now have 101 gold pieces (gained 8).
Jessica the Apprentice Sorceress comes into view.
She is wielding a +0 dagger and carrying a wand of roots (8).
Memorise Scorch, consuming 2 spell levels and leaving 7?
You start memorising the spell.
You continue memorising. x2
Jessica mumbles some strange words.
Jessica blinks!
You finish memorising.
Spell assigned to 'b'.
Jessica zaps a wand.
The roots erupt in riotous growth!
The grasping roots grab you! The grasping roots constrict you.
Casting: Foxfire (safe; 3% risk of failure)
Confirm with . or Enter, or press ? or * to list all spells.
You can't see any susceptible monsters within range! (Use Z to cast anyway.)
You escape the roots grasp.
Jessica zaps a wand.
The roots erupt in riotous growth!
The grasping roots grab you! The grasping roots constrict you.
The roots grasp on you weakens, but your attempt to escape fails.
The grasping roots constrict you.
Casting: Foxfire (safe; 3% risk of failure)
Confirm with . or Enter, or press ? or * to list all spells.
You can't see any susceptible monsters within range! (Use Z to cast anyway.)
Casting: Foxfire (safe; 3% risk of failure)
Confirm with . or Enter, or press ? or * to list all spells.
You conjure some foxfire!
The grasping roots constrict you.
The foxfire hits Jessica.
Jessica is heavily wounded.
The foxfire hits Jessica.
Jessica is severely wounded.
Jessica points at you and mumbles some strange words.
Pain shoots through your body!
Ouch! That really hurt!
* * * LOW HITPOINT WARNING * * *
The grasping roots constrict you.
You die...

##........# #.###..
#.........# #.# #..
#.........###.# #..
#.........##..# #..
#........)....# ### ..
#.............# ##
....###.............####.
#..@.§.................
#####§@...........##.>#
##...###.........##..#
#..#.#.....#.........#
#.##...##....>#......#
#.###).#...##.........
#.# #.................
#.###...#.............
###.#...................
#.............###.......


You could see Jessica.

Vanquished Creatures
  An adder (D:2)
  2 worms (D:2)
  A dart slug (D:2)
  3 bats
  3 endoplasms
  2 giant cockroaches
  6 goblins
  3 hobgoblins
  2 jackals (D:1)
  5 quokkas
  4 ball pythons
  6 frilled lizards
  4 kobolds
  7 rats
49 creatures vanquished.

Vanquished Creatures (others)
  222 foxfires
222 creatures vanquished.

Grand Total: 271 creatures vanquished

Notes
Turn   | Place    | Note
-------+----------+-------------------------------------------
     0 | D:1      | bnorton916 the Deep Elf Fire Elementalist began the quest
                  | for the Orb.
     0 | D:1      | Reached XP level 1. HP: 10/10 MP: 6/6
   264 | D:1      | Reached XP level 2. HP: 15/15 MP: 6/8
  2005 | D:2      | Reached XP level 3. HP: 19/19 MP: 8/10
  2648 | D:2      | Found a faded altar of an unknown god.
  2648 | D:2      | Noticed an eye of devastation
  2676 | D:2      | Noticed a shining eye
  2789 | D:2      | Noticed a shining eye
  2792 | D:2      | Noticed a floating eye
  2823 | D:2      | Noticed Jessica
  2829 | D:2      | Learned a level 2 spell: Scorch
  2836 | D:2      | Constricted to death by Jessica

Illustrated notes

Levels and vault maps discovered:
D:1:      nzn_arrival_crosshair, layout_basic
D:2:      layout_rooms, basic_altar, hellmonk_ecumenical_altar_watching_god,
          uniq_crazy_yiuf_cottage, uniq_terence, uniq_jessica

Skill      XL: |  1  2  3 |
---------------+----------+-----
Conjurations   | 2 |  2.5
Spellcasting   | 4 |  4.1
Fire Magic     | 4 |  4.1
Dodging        | |  2.4
Stealth        | |  2.4

Action                   || total
-------------------------++-------
 Cast: Foxfire           ||   129
Armor: Robe              ||     1
Dodge: Dodged            ||    10
